Map: Ascension to Aiur LE

Players

Serral - Winner!

  • Race: Zerg Zerg
  • Spawn Location: 5:00

Cloudy

  • Race: Protoss Protoss
  • Spawn Location: 11:00

Event: WCS Valencia 2017

VOD

Have the link to the VOD?

Description

Time

  • Played on: July 14, 2017, 5:44 a.m.
  • Length: 12:09

All games in this series

Show
View Real Time Build Order
Export as new Build Order

Serral Zerg - Winner!

Build Orders: Hatch First 

Get SALT Encoding   

  12  0:00  Drone  
  13  0:13  Overlord  
  13  0:17  Drone  
  14  0:31  Drone x2  
  16  0:36  Drone  
  17  0:53  Hatchery  
  17  0:55  Drone  
  17  0:58  Drone  
  18  1:09  Extractor  
  17  1:12  Spawning Pool  
  17  1:16  Drone  
  17  1:19  Drone  
  18  1:28  Drone  
  19  1:39  Overlord  
  19  1:51  Drone  
  20  1:59  Queen  
  20  2:00  Zergling x2  
  23  2:04  Queen  
  23  2:05  Zergling x2  
  26  2:09  Metabolic Boost  
  26  2:11  Drone  
  27  2:16  Drone  
  28  2:23  Drone  
  28  2:27  Drone  
  30  2:34  Drone  
  31  2:37  Drone  
  31  2:42  Hatchery  
  31  2:47  Queen  
  33  2:52  Overlord  
  33  2:55  Drone  
  33  2:57  Drone  
  35  2:59  Drone  
  36  3:11  Zergling x2  
  36  3:12  Drone x2  
  38  3:13  Drone x3  
  38  3:15  Drone  
  38  3:17  Drone  
  43  3:22  Drone  
  44  3:30  Overlord  
  44  3:36  Extractor  
  44  3:37  Roach Warren, Drone  
  44  3:44  Overlord  
  44  3:48  Queen  
  46  3:51  Extractor, Overlord  
  46  3:52  Drone x3  
  47  3:56  Drone x3  
  47  4:00  Drone, Overlord  
  51  4:10  Overlord  
  51  4:13  Queen  
  51  4:16  Queen  
  55  4:17  Roach x2  
  55  4:22  Roach x2  
  63  4:27  Queen  
  63  4:31  Roach x2  
  73  4:38  Roach x3  
  75  4:45  Overlord  
  75  4:50  Roach x3  
  80  4:53  Queen  
  80  4:58  Roach x2  
  86  5:03  Roach  
  88  5:09  Roach x2  
  88  5:10  Roach x2  
  80  5:29  Queen  
  80  5:34  Roach  
  80  5:35  Roach x5  
  86  5:46  Roach x3  
  79  5:57  Roach  
  79  5:58  Roach  
  79  6:06  Roach x2  
  79  6:08  Queen x2  
  79  6:09  Overlord  
  79  6:10  Extractor, Overlord  
  86  6:12  Overlord  
  86  6:15  Zergling x12  
  92  6:19  Drone  
  92  6:21  Drone  
  92  6:22  Lair  
  94  6:28  Spore Crawler  
  94  6:29  Spore Crawler x2  
  94  6:30  Drone  
  92  6:40  Drone x3  
  92  6:41  Drone x3  
  98  6:52  Roach x4  
  104  6:57  Ravager  
  104  7:00  Overlord  
  105  7:02  Zergling x4  
  107  7:09  Zergling x2  
  107  7:10  Zergling x2  
  109  7:20  Drone x3  
  112  7:23  Glial Reconstitution  
  112  7:24  Overseer  
  112  7:26  Drone x2  
  112  7:27  Drone x3  
  117  7:37  Extractor  
  117  7:40  Overlord  
  116  7:49  Drone  
  116  7:50  Drone x5  
  121  7:54  Extractor  
  121  7:55  Overlord x2  
  121  7:56  Overlord x2  
  120  7:59  Overlord  
  120  8:01  Evolution Chamber  
  120  8:02  Baneling Nest  
  118  8:06  Overseer  
  118  8:17  Zergling x18  
  127  8:27  Drone x5  
  127  8:31  Drone x3  
  127  8:32  Drone  
  135  8:37  Hatchery  
  135  8:38  Zerg Melee Weapons Level 1  
  134  8:47  Spire, Drone x3  
  135  8:48  Extractor  
  135  8:50  Zergling x8  
  135  8:55  Ravager x3  
  140  8:56  Ravager x3  
  140  9:01  Baneling x12  
  143  9:06  Overlord  
  143  9:09  Zergling x2  
  145  9:10  Zergling x8  
  147  9:17  Centrifical Hooks  
  147  9:22  Baneling x6  
  147  9:27  Drone x2  
  147  9:28  Drone x6  
  155  9:37  Drone x2  
  154  10:00  Queen  
  154  10:01  Hatchery, Mutalisk x6  
  163  10:08  Drone x4  
  163  10:09  Mutalisk x2  
  171  10:15  Zergling x10  
  176  10:22  Overlord x3  
  173  10:35  Drone  
  173  10:37  Zergling x2  
  173  10:39  Baneling x7  
  175  10:44  Overlord  
  175  10:45  Hatchery  
  175  10:48  Zergling x18  
  183  10:53  Ravager x2  
  183  10:55  Baneling  
  183  10:56  Baneling x7  
  185  11:01  Baneling x2  
  185  11:06  Zergling x22  
  168  11:21  Zergling x18  
  168  11:22  Zergling x12  
  177  11:30  Zergling x6  
  177  11:31  Zergling x6  
  182  11:37  Zergling x2  
  182  11:38  Zergling x6  
Show
View Real Time Build Order
Export as new Build Order

Cloudy Protoss 

Build Orders: 1 Gate Expand 

Get SALT Encoding   

  12  0:01  Probe (Chrono Boost)  
  13  0:12  Probe (Chrono Boost)  
  14  0:19  Pylon  
  14  0:22  Probe (Chrono Boost)  
  15  0:37  Probe (Chrono Boost)  
  15  0:39  Gateway  
  16  0:43  Assimilator  
  16  0:47  Probe (Chrono Boost)  
  17  0:58  Probe (Chrono Boost)  
  18  1:08  Probe (Chrono Boost)  
  19  1:22  Nexus  
  19  1:35  Cybernetics Core  
  19  1:36  Probe (Chrono Boost)  
  20  1:42  Assimilator  
  20  1:47  Probe (Chrono Boost)  
  21  1:54  Pylon  
  21  1:57  Probe (Chrono Boost)  
  23  2:08  Probe (Chrono Boost)  
  23  2:13  Warp Gate, Adept (Chrono Boost)  
  25  2:20  Probe  
  26  2:29  Twilight Council  
  26  2:32  Probe  
  26  2:33  Probe  
  26  2:37  Stalker (Chrono Boost)  
  30  2:43  Probe  
  30  2:44  Probe  
  32  2:56  Probe  
  32  2:58  Probe  
  33  3:00  Robotics Facility  
  34  3:08  Charge (Chrono Boost), Probe  
  34  3:11  Probe  
  36  3:36  Gateway  
  36  3:38  Gateway  
  36  3:39  Gateway x2  
  36  3:48  Gateway  
  36  3:53  Warp Prism (Chrono Boost)  
  38  4:01  Gateway  
  38  4:07  Gateway  
  38  4:12  Pylon  
  38  4:13  Pylon  
  38  4:15  Pylon  
  38  4:18  Mothership Core  
  40  4:43  Zealot x3  
  40  4:44  Zealot x2  
  50  4:47  Zealot  
  52  5:10  Zealot x8  
  48  5:32  Zealot x8  
  46  5:53  Zealot x3  
  46  5:54  Zealot x5  
  56  6:00  Warp Prism (Chrono Boost)  
  56  6:01  Probe (Chrono Boost)  
  56  6:03  Probe (Chrono Boost)  
  52  6:13  Probe (Chrono Boost)  
  52  6:15  Probe (Chrono Boost)  
  52  6:18  Stalker  
  56  6:23  Probe (Chrono Boost)  
  57  6:27  Probe (Chrono Boost), Assimilator  
  57  6:31  Immortal  
  58  6:33  Assimilator  
  58  6:34  Probe (Chrono Boost)  
  64  6:40  Probe (Chrono Boost)  
  64  6:44  Probe (Chrono Boost)  
  66  6:54  Probe (Chrono Boost)  
  66  6:55  Probe (Chrono Boost)  
  67  7:06  Probe (Chrono Boost)  
  67  7:08  Probe (Chrono Boost), Robotics Bay  
  69  7:11  Pylon  
  69  7:13  Pylon  
  69  7:16  Pylon  
  69  7:18  Probe (Chrono Boost)  
  70  7:31  Probe (Chrono Boost)  
  70  7:33  Probe (Chrono Boost)  
  70  7:37  Pylon  
  72  7:39  Pylon  
  72  7:49  Probe (Chrono Boost)  
  72  7:50  Sentry x2  
  77  7:51  Sentry  
  77  7:53  Disruptor  
  79  8:01  Zealot x5  
  92  8:09  Forge, Gravitic Drive (Chrono Boost)  
  92  8:11  Probe x2  
  84  8:19  Nexus  
  84  8:22  Pylon  
  84  8:27  Probe x2  
  84  8:33  Zealot x4  
  84  8:34  Zealot x4  
  100  8:44  Warp Prism  
  100  8:48  Pylon  
  100  8:50  Pylon  
  102  9:00  Pylon  
  102  9:02  Pylon  
  102  9:10  Probe, Protoss Ground Weapons Level 1 (Chrono Boost)  
  102  9:14  Probe  
  104  9:19  Disruptor  
  104  9:20  Pylon  
  104  9:22  Probe  
  105  9:25  Templar Archives  
  105  9:31  Probe  
  108  9:32  Probe  
  108  9:33  Sentry x3  
  108  9:34  Probe  
  117  9:41  Probe  
  116  9:56  Disruptor  
  116  10:00  Probe x2  
  121  10:13  Assimilator  
  121  10:17  Assimilator  
  121  10:20  Zealot x7  
  135  10:24  Zealot  
  135  10:27  Disruptor  
  140  10:37  Photon Cannon  
  140  10:44  Photon Cannon  
  140  10:47  High Templar x4  
  140  10:48  Zealot x2  
  140  10:49  Zealot x2  
  154  10:53  Archon  
  154  10:54  Archon  
  118  11:11  Zealot x4  
  72  11:21  Zealot x4  
  60  11:37  Zealot x3  
Tags
 
Add a new tag
Caveats
  • Supply blocks, unpowered buildings, or Contaminate may cause inaccurate times.
  • Supply counts are checked every 10 seconds.